 Dungeon Crawl Stone Soup version 0.18.1-8-gdd0e5ea (webtiles) character file.

857 M4edhros the Covert (level 8, -6/48 HPs)
             Began as an Octopode Artificer on June 7, 2016.
             Killed by divine providence
             ... invoked by an orc priest
              (13 damage)
             ... on level 5 of the Dungeon.
             The game lasted 00:04:34 (3661 turns).

M4edhros the Covert (Octopode Artificer)            Turns: 3661, Time: 00:04:35

Health: -6/48      AC:  1    Str: 16    XL:     8   Next: 2%
Magic:  10/10      EV: 12    Int: 14    God:
Gold:   160        SH:  0    Dex: 15    Spells: 0 memorised, 7 levels left

rFire  . . .     SeeInvis .     h - +0 whip (venom)
rCold  + . .     Gourm    .     (no shield)
rNeg   . . .     Faith    .     (helmet restricted)
rPois  .         Spirit   .     (no amulet)
rElec  .         Dismiss  .     g - +6 ring of strength
rCorr  .         Reflect  .     k - ring of protection from cold
SustAt .         Harm     .     (no ring)
MR     .....                    (no ring)
Stlth  +++++++...               (no ring)
                                (no ring)
                                (no ring)
                                (no ring)

@: not resistant to hostile enchantments, extremely stealthy
A: almost no armour, amphibious, 8 rings, constrict 8, camouflage 1, gelatinous
body 1
a: no special abilities


You were on level 5 of the Dungeon.
You were hungry.

You visited 2 branches of the dungeon, and saw 6 of its levels.

You collected 160 gold pieces.

Inventory:

Hand Weapons
 a - a +0 short sword
 h - a +0 whip of venom (weapon)
 m - a +0 hunting sling
Jewellery
 g - a +6 ring of strength (left tentacle)
 k - a ring of protection from cold (right tentacle)
 l - a +6 ring of intelligence {unknown}
Wands
 b - a wand of flame (0/48)
 c - a wand of enslavement (12/24)
 d - a wand of random effects (37/48)
 u - a wand of random effects (32/48)
Scrolls
 e - a scroll of immolation
 i - a scroll of random uselessness
 o - a scroll of identify
 s - a scroll of noise {unknown}
Potions
 j - a potion of resistance {unknown}
 q - a potion of mutation {unknown}
 r - a potion of curing
Comestibles
 f - 2 bread rations
 n - a meat ration
 p - a slice of pizza
 t - a beef jerky


   Skills:
 + Level 1.1 Fighting
 - Level 1.0 Short Blades
 * Level 0.4 Slings
 + Level 2.0 Dodging
 - Level 12.1 Stealth
 - Level 3.2 Evocations


You had 7 spell levels left.
You didn't know any spells.

Dungeon Overview and Level Annotations

Branches:
Dungeon (5/15)             Temple (1/1) D:4

Altars:
Ashenzari
Cheibriados
Elyvilon
Gozag
Nemelex Xobeh
Okawaru
Pakellas
Qazlal
Trog
Vehumet
The Shining One

Annotations:
D:3 Sigmund


Innate Abilities, Weirdness & Mutations

You cannot wear most types of armour.
You are amphibious.
You can wear up to eight rings at the same time.
You can use your tentacles to constrict eight enemies at once.
Your skin changes colour to match your surroundings (Stealth).
Your rubbery body absorbs attacks (AC +1).


Message History

Beogh smites you!
* * * LOW HITPOINT WARNING * * *
Evoke which item? (* to show all) (? for menu, Esc to quit)
Zapping:
c - a wand of enslavement (13/24)
Press: ? - help, Shift-Dir - straight line, f/p - orc wizard
Aim: an orc wizard, wielding a dagger and wearing a robe (lightly wounded, poisoned, chance to defeat MR: 52%)
The orc wizard is charmed.
This wand has 12 charges left.
What do you say? t - Shout!
Orders for allies: a - Attack new target. p - Attack previous target. r - Retreat! s - Stop attacking. w - Wait here. f - Follow me.
Anything else - Stay silent.
Wait here!
The orc closely misses your orc wizard.
Your orc wizard closely misses the orc.
Your orc wizard points at the orc and mumbles some strange words.
The puff of frost hits the orc.
The orc barely misses your orc wizard.
The orc priest mumbles some strange prayers to Beogh against you.
Beogh smites you!
You die...

##### ########...## #######
.......'....# .......
########....########.......
..>....'........@.ooo......
....##.#....########)......
..†.##.+....# #######
....####...## ...##
#######################.#
...# #.....................#
...# #.....................#
...# #.....................#
...#
######.....................#


You could see an orc priest, an orc and a friendly orc wizard.

Vanquished Creatures
  An ice beast (D:5)
  A sky beast (D:5)
  3 ogres
  A howler monkey (D:4)
  A jelly (D:5)
  An orc wizard (D:5)
  An orc priest (D:5)
  A hound (D:5)
  An iguana (D:5)
  2 worker ants
  A killer bee zombie (D:5)
  3 gnolls (D:5)
  A howler monkey skeleton (D:5)
  A worker ant zombie (D:5)
  7 adders
  An ooze (D:5)
  An adder zombie (D:5)
  An adder skeleton (D:4)
  12 orcs
  3 bats (D:1)
  5 giant cockroaches
  2 goblins
  A hobgoblin (D:2)
  2 jackals (D:4)
  2 quokkas (D:5)
  2 giant newts
  2 jackal zombies (D:5)
  4 kobolds
  2 rats
66 creatures vanquished.

Vanquished Creatures (others)
  A giant gecko zombie (D:5)
1 creature vanquished.

Grand Total: 67 creatures vanquished

Notes
Turn   | Place    | Note
--------------------------------------------------------------
     0 | D:1      | M4edhros the Octopode Artificer began the quest for the Orb.
     0 | D:1      | Reached XP level 1. HP: 13/13 MP: 3/3
    69 | D:1      | Reached skill level 2 in Stealth
   291 | D:1      | Reached skill level 3 in Stealth
   291 | D:1      | Reached XP level 2. HP: 17/18 MP: 4/4
   605 | D:2      | Reached skill level 4 in Stealth
   725 | D:2      | Reached XP level 3. HP: 17/23 MP: 5/5
   926 | D:3      | Noticed an orc warrior
  1077 | D:2      | You fall through a shaft!
  1081 | D:3      | Noticed Sigmund
  1086 | D:4      | Found a staircase to the Ecumenical Temple.
  1105 | Temple   | Entered the Ecumenical Temple
  1245 | D:4      | Noticed an ogre
  1255 | D:4      | Killed an ogre
  1255 | D:4      | Reached skill level 6 in Stealth
  1255 | D:4      | Reached XP level 4. HP: 28/28 MP: 6/6
  1255 | D:4      | Reached XP level 5. HP: 33/33 MP: 7/7
  1330 | D:4      | Noticed an ogre
  1332 | D:4      | Reached skill level 7 in Stealth
  1478 | D:4      | Killed an ogre
  1478 | D:4      | Reached skill level 8 in Stealth
  1478 | D:4      | Reached XP level 6. HP: 38/38 MP: 8/8
  1783 | D:5      | Entered Level 5 of the Dungeon
  1824 | D:5      | Reached skill level 9 in Stealth
  2083 | D:5      | Reached skill level 10 in Stealth
  2083 | D:5      | Reached XP level 7. HP: 28/43 MP: 9/9
  2228 | D:5      | Found an iron altar of Okawaru.
  2800 | D:5      | Reached skill level 11 in Stealth
  3527 | D:5      | Reached skill level 12 in Stealth
  3527 | D:5      | Reached XP level 8. HP: 40/48 MP: 10/10
  3535 | D:5      | Found a glowing golden altar of the Shining One.
  3535 | D:5      | Found a snail-covered altar of Cheibriados.
  3661 | D:5      | Killed from afar by an orc priest

Skill      XL: |  1  2  3  4  5  6  7 |
---------------+----------------------+-----
Stealth        | 3 4 6 8 10 12 | 12.1
Fighting       | |  1.1
Short Blades   | |  1.0
Slings         | |  0.4
Dodging        | |  2.0
Evocations     | |  3.2

Action                   |  1- 3 |  4- 6 |  7- 9 || total
-------------------------+-------+-------+-------++-------
Melee: Whip              |    32 |    36 |    60 ||   128
       Short sword       |     4 |       |    16 ||    20
       Constrict         |    10 |    14 |    26 ||    50
       Tentacles         |     7 |     7 |    19 ||    33
Evoke: Wand              |     7 |     8 |    10 ||    25
  Use: Potion            |     2 |       |       ||     2
       Scroll            |       |     6 |       ||     6
 Stab: Sleeping          |     6 |     7 |     3 ||    16
       Paralysed         |       |     5 |       ||     5
       Distracted        |       |       |     1 ||     1
  Eat: Chunk             |       |     2 |     4 ||     6
       Royal jelly       |       |       |     1 ||     1
Armor: Skin              |     1 |     4 |     6 ||    11
Dodge: Dodged            |    22 |    13 |    49 ||    84
